 Dungeon Crawl Stone Soup version 0.28-a0-29-g0adfcbbeba (webtiles) character file.

Game seed: 17232735383140942994

18297 DasRunzen the Covert (level 12, -5/114 HPs)
             Began as a Naga Gladiator on July 27, 2021.
             Was an Elder of Makhleb.
             Killed by divine providence
             ... invoked by a sphinx
              (10 damage)
             ... on level 11 of the Dungeon.
             The game lasted 00:27:56 (10198 turns).

DasRunzen the Covert (Naga Gladiator)              Turns: 10198, Time: 00:27:56

Health: -5/114     AC: 28    Str: 21    XL:     12   Next: 57%
Magic:  18/18      EV: 11    Int: 15    God:    Makhleb [****..]
Gold:   1404       SH:  5    Dex: 20    Spells: 11/11 levels left

rFire   + + +      SeeInvis +   c - +7 glaive of Experimentation {protect, Dex+6}
rCold   + . .      Faith    .   (shield currently unavailable)
rNeg    + . .      Spirit   .   r - quicksilver dragon scales
rPois   +          Reflect  +   h - +2 helmet {Int+3}
rElec   .          Harm     +   (no cloak)
rCorr   .          Rampage  .   q - +2 pair of gloves "Liogan" {Harm rF+++ rN+ Str+4}
Will    ++...                   x - +0 barding {rC+}
Stlth   +++++.....              i - amulet of reflection
HPRegen 0.29/turn               (no ring)
MPRegen 0.16/turn               (no ring)

@: under a protective aura, very slow
A: AC +4, large, see invisible, deformed body, poison resistance, slowness 2,
spit poison 1, naga tail 1
a: Spit Poison, Renounce Religion, Minor Destruction, Lesser Servant of Makhleb,
Major Destruction


You were on level 11 of the Dungeon.
You worshipped Makhleb.
Makhleb was greatly pleased with you.
You visited 1 branch of the dungeon, and saw 11 of its levels.
You also visited: Ossuary.

You collected 1404 gold pieces.

Inventory:

Hand Weapons
 c - the +7 glaive of Experimentation (weapon) {protect, Dex+6}
   (You acquired it on level 2 of the Dungeon)

   It grants its wielder temporary protection when it strikes (+7 to AC).
   Dex:       It affects your dexterity (+6).
 t - a +4 war axe of flaming
Missiles
 d - 5 throwing nets (quivered)
 C - 7 curare-tipped darts
Armour
 h - a +2 helmet of intelligence (worn)
 q - the +2 pair of gloves "Liogan" (worn) {Harm rF+++ rN+ Str+4}
   (You found it on level 4 of the Dungeon)

   Str:       It affects your strength (+4).
   rF:        It renders you almost immune to fire.
   rN:        It protects you from negative energy.
   Harm:      It increases damage dealt and taken.
 r - quicksilver dragon scales (worn)
 x - a +0 barding of cold resistance (worn)
 A - a +1 leather armour of poison resistance
Jewellery
 a - an amulet of regeneration
 i - an amulet of reflection (around neck)
Wands
 n - a wand of flame (17)
 u - a wand of mindburst (10)
 v - a wand of iceblast (19)
 y - a wand of acid (5)
 B - a wand of paralysis (6)
Scrolls
 b - a scroll of magic mapping
 m - 4 scrolls of fog
 z - a scroll of fear
 D - 3 scrolls of teleportation
 F - a scroll of amnesia
Potions
 e - 5 potions of heal wounds
 f - a potion of magic
 g - a potion of curing
 j - 2 potions of invisibility
 k - 2 potions of brilliance
 l - 2 potions of flight
 o - a potion of might {unknown}
 p - 3 potions of haste {unknown}
 s - a potion of lignification {unknown}
 w - 2 potions of attraction {unknown}


   Skills:
 + Level 9.2 Fighting
 + Level 9.5 Polearms
 - Level 1.7 Throwing
 + Level 5.0 Armour
 + Level 7.9 Dodging
 + Level 13.2 Stealth
 + Level 8.8 Invocations


You had 11 spell levels left.
You didn't know any spells.
Your spell library contained the following spells:

 Spells                   Type           Power      Damage    Failure   Level
 Magic Dart               Conj           0%         1d3       38%         1
 Blink                    Tloc           N/A        N/A       54%         2
 Corpse Rot               Necr/Air       N/A        N/A       54%         2
 Poisonous Vapours        Pois/Air       0%         N/A       54%         2
 Searing Ray              Conj           0%         3d3       54%         2
 Sublimation of Blood     Necr           0%         N/A       54%         2
 Wereblood                Tmut           0%         N/A       54%         2
 Ignite Poison            Fire/Tmut/Pois 0%         N/A       77%         3
 Lesser Beckoning         Tloc           0%         N/A       77%         3
 Mephitic Cloud           Conj/Pois/Air  0%         N/A       77%         3
 Ozocubu's Armour         Ice            0%         N/A       77%         3
 Fulminant Prism          Conj/Hex       0%         3d6       99%         4
 Bolt of Magma            Conj/Fire/Erth 0%         4d4       100%        5
 Freezing Cloud           Conj/Ice/Air   0%         6-21      100%        5
 Manifold Assault         Tloc           0%         N/A       100%        5
 Metabolic Englaciation   Hex/Ice        0%         N/A       100%        5
 Simulacrum               Ice/Necr       0%         N/A       100%        6
 Summon Hydra             Summ           0%         N/A       100%        7
 Borgnjor's Revivificati  Necr           0%         N/A       100%        8
 Necromutation            Tmut/Necr      0%         N/A       100%        8
 Death's Door             Necr           0%         N/A       100%        9


Dungeon Overview and Level Annotations

Branches:
Dungeon (11/15)            Temple (0/1) D:6            Lair (0/6) D:10
    Orc (0/2) D:9         Ossuary (visited)

Altars:
Cheibriados
Dithmenos
Fedhas
Hepliaklqana
Makhleb
Nemelex Xobeh
Okawaru
Trog
Vehumet
Xom
The Shining One

Shops:
D:4 *   D:9 ?

Portals:
Abyss: D:8


Innate Abilities, Weirdness & Mutations

Your serpentine skin is tough. (AC +4)
You have supernaturally acute eyesight. (SInv)
Armour fits poorly on your strangely shaped body.
Your system is resistant to poisons. (rPois)
You cover ground very slowly.
You can spit poison.
You have a snake-like lower body.


Message History

You slice the centaur warrior!!
The centaur warrior is heavily wounded.
The centaur warrior hits you with a +2 vorpal executioner's axe.
The centaur warrior kicks you but does no damage.
You block the centaur warrior's attack.
The centaur warrior kicks you but does no damage.
An ettin comes into view. It is wielding two +0 dire flails.
You slash the centaur warrior!
The centaur warrior is almost dead.
The centaur warrior barely misses you. You block the centaur warrior's attack.
Unknown command.
You slash the centaur warrior!
You kill the centaur warrior!
Makhleb accepts your kill.
You feel better.
A centaur comes into view.
It is wielding a +1 short sword of speed.
A sphinx comes into view.
The centaur moves out of view.
Your Armour skill increases to level 5!
You slash the ettin!
The ettin is lightly wounded.
The ettin hits you with a +0 dire flail!!
You block the ettin's attack.
You hear a shout!
Unknown command.
You hit the ettin but do no damage.
The ettin is lightly wounded.
The ettin hits you with a +0 dire flail.
The ettin closely misses you.
Unknown command.
You slice the ettin!!
The ettin is severely wounded.
You hear a shout!
The ettin hits you with a +0 dire flail!
* * * LOW HITPOINT WARNING * * *
The ettin hits you with a +0 dire flail!
* * * LOW HITPOINT WARNING * * *
The sphinx mumbles some strange words.
Something smites you!
You die...

#..#.##....#
#.#.#.#....
#...#.[#..#
###.#.....#
........8.#
#.....## #
#...#..#..#.###
..#
#.#.##CcH..#
..#?##@#.##...#
#c##.#.#### .#
... .##..# #
#.# #.#>.##.#.#
.# .##.......#
#...#....##
##...##....#
#....##.....
###...........


You could see a sphinx, an ettin and a centaur.

Vanquished Creatures
  A hydra (D:6)
  4 two-headed ogres
  2 centaur warriors (D:11)
  The ghost of SkaryMonk the Sneak, a novice VSNe of Kikubaaqudgha (D:8)
  The ghost of motoroller71 the Digger, a novice HuEE (D:6)
  A cyclops (D:11)
  A toenail golem (D:8)
  2 manticores (D:10)
  3 trolls
  Prince Ribbit (D:5)
  A meliai zombie (D:11)
  Sigmund (D:3)
  A wraith (D:8)
  25 yaks
  A shadow (D:11)
  2 steam dragons (D:8)
  Menkaure (Ossuary)
  A naga (shapeshifter) (D:8)
  An acid dragon (D:9)
  A water moccasin (D:6)
  Duvessa (D:6)
  9 orc warriors
  3 black bears
  A sky beast (D:6)
  3 ice beasts
  4 ogres
  3 necrophages
  2 centaurs
  3 small abominations (D:8)
  7 kobold brigands
  6 bullfrogs
  A scorpion (D:7)
  A wyvern zombie (D:6)
  A water moccasin zombie (D:5)
  A wyvern skeleton (D:7)
  Dowan (D:6)
  3 wights (D:8)
  3 howler monkeys (D:7)
  3 electric eels (D:9)
  2 jellies
  2 bullfrog zombies (D:6)
  3 centaur zombies
  6 hounds
  8 orc priests
  A gnoll shaman (D:6)
  An iguana (D:4)
  15 orc wizards
  A hound skeleton (D:4)
  3 mummies (Ossuary)
  A howler monkey zombie (D:6)
  7 gnolls
  8 adders
  A shadow imp (D:6)
  2 white imps
  3 ufetubi (D:6)
  A worm (D:4)
  34 orcs
  4 bats
  9 endoplasms
  5 giant cockroaches
  4 gnoll zombies (Ossuary)
  7 goblins
  8 hobgoblins
  6 kobolds
  6 ball pythons
  3 frilled lizards
  4 gnoll skeletons (Ossuary)
  4 goblin skeletons (Ossuary)
  4 goblin zombies (Ossuary)
  3 hobgoblin skeletons (Ossuary)
  3 hobgoblin zombies (Ossuary)
  8 kobold skeletons (Ossuary)
  4 kobold zombies (Ossuary)
  3 orc skeletons (Ossuary)
  5 orc zombies (Ossuary)
  5 rats
  3 rat skeletons (Ossuary)
  5 rat zombies (Ossuary)
310 creatures vanquished.

Vanquished Creatures (others)
  10 fungi
  8 plants
18 creatures vanquished.

Grand Total: 328 creatures vanquished

Notes
Turn   | Place    | Note
-------+----------+-------------------------------------------
     0 | D:1      | DasRunzen the Naga Gladiator began the quest for the Orb.
     0 | D:1      | Reached XP level 1. HP: 19/19 MP: 1/1
   142 | D:1      | Found a faded altar of an unknown god.
   169 | D:1      | Reached skill level 1 in Stealth
   172 | D:1      | Reached XP level 2. HP: 2/26 MP: 2/2
  1066 | D:2      | Reached XP level 3. HP: 30/33 MP: 3/3
  1146 | D:2      | Reached skill level 2 in Stealth
  1876 | D:2      | Identified a scroll of acquirement
  1876 | D:2      | Acquired the +7 glaive of Experimentation {protect, Dex+6}
  1889 | D:3      | Reached XP level 4. HP: 40/40 MP: 4/4
  1969 | D:3      | Reached skill level 3 in Stealth
  2479 | D:3      | Noticed Sigmund
  2487 | D:3      | Killed Sigmund
  2488 | D:3      | Reached skill level 4 in Stealth
  2488 | D:3      | Reached XP level 5. HP: 42/49 MP: 5/5
  2488 | D:3      | Reached XP level 6. HP: 49/56 MP: 6/6
  2759 | D:4      | Found a sand-covered staircase.
  2767 | Ossuary  | Entered an ossuary
  3045 | Ossuary  | Noticed Menkaure
  3051 | Ossuary  | Killed Menkaure
  3052 | Ossuary  | Reached skill level 5 in Stealth
  3052 | Ossuary  | Reached XP level 7. HP: 64/64 MP: 7/7
  3170 | D:4      | Found Tazxeceb's General Store.
  3224 | D:4      | Identified the +2 pair of gloves "Liogan" {Harm rF+++ rN+
                  | Str+4}
  3311 | D:4      | Found a burning altar of Makhleb.
  3322 | D:4      | Became a worshipper of Makhleb the Destroyer
  3606 | D:5      | Entered Level 5 of the Dungeon
  3611 | D:5      | Noticed Prince Ribbit
  3624 | D:5      | Killed Prince Ribbit
  3625 | D:5      | Reached skill level 5 in Polearms
  3625 | D:5      | Reached skill level 6 in Stealth
  3625 | D:5      | Reached skill level 1 in Invocations
  3675 | D:5      | Reached XP level 8. HP: 73/73 MP: 9/9
  3886 | D:5      | Reached skill level 5 in Fighting
  3901 | D:5      | Reached skill level 7 in Stealth
  4640 | D:6      | Noticed Dowan
  4640 | D:6      | Noticed Duvessa
  4646 | D:6      | Killed Dowan
  4650 | D:6      | Killed Duvessa
  4652 | D:6      | Reached skill level 5 in Dodging
  4765 | D:6      | Reached skill level 8 in Stealth
  4765 | D:6      | Reached XP level 9. HP: 81/81 MP: 11/11
  4803 | D:6      | Reached * piety under Makhleb
  4878 | D:6      | Found a staircase to the Ecumenical Temple.
  5121 | D:6      | Found a large runed translucent door.
  5121 | D:6      | Found a large runed translucent door.
  5125 | D:6      | Noticed a four-headed hydra
  5146 | D:6      | Reached skill level 9 in Stealth
  5153 | D:6      | Noticed a troll
  5156 | D:6      | Killed a troll
  5175 | D:6      | Noticed a two-headed ogre
  5181 | D:6      | Found a large runed translucent door.
  5181 | D:6      | Found a large runed translucent door.
  5210 | D:6      | Reached skill level 5 in Invocations
  5219 | D:6      | Reached ** piety under Makhleb
  5352 | D:6      | Found a runed translucent gate.
  5352 | D:6      | Found a runed translucent gate.
  5352 | D:6      | Found a runed translucent gate.
  5353 | D:6      | Noticed motoroller71's ghost (novice HuEE)
  5824 | D:7      | Found a radiant altar of Vehumet.
  5834 | D:7      | Acquired a +0 barding of cold resistance
  5842 | D:7      | Acquired 709 gold pieces
  5873 | D:7      | Reached XP level 10. HP: 90/92 MP: 12/14
  5894 | D:7      | Reached skill level 10 in Stealth
  6377 | D:8      | Noticed a two-headed ogre
  6398 | D:8      | Killed a two-headed ogre
  6399 | D:8      | Reached skill level 1 in Armour
  6695 | D:8      | Found a one-way gate to the infinite horrors of the Abyss.
  6695 | D:8      | Found a transporter.
  6695 | D:8      | Noticed SkaryMonk's ghost (novice VSNe)
  6748 | D:8      | Noticed a toenail golem
  6778 | D:8      | Found a transporter.
  7046 | D:9      | Found a snail-covered altar of Cheibriados.
  7061 | D:9      | Reached skill level 11 in Stealth
  7065 | D:9      | Reached XP level 11. HP: 100/102 MP: 14/16
  7311 | D:9      | Reached *** piety under Makhleb
  7489 | D:9      | Found a blossoming altar of Fedhas.
  7490 | D:9      | Found a shimmering altar of Xom.
  7490 | D:9      | Found a hazy altar of Hepliaklqana.
  7490 | D:9      | Found a shadowy altar of Dithmenos.
  7490 | D:9      | Found a bloodstained altar of Trog.
  7574 | D:9      | Found an iron altar of Okawaru.
  7574 | D:9      | Found a sparkling altar of Nemelex Xobeh.
  7575 | D:9      | Found a glowing golden altar of the Shining One.
  8064 | D:9      | Found a staircase to the Orcish Mines.
  8146 | D:9      | Found Owacueq's Magic Scroll Emporium.
  8275 | D:6      | Killed a two-headed ogre
  8280 | D:6      | Killed a one-headed hydra
  8478 | D:6      | Killed motoroller71's ghost
  8481 | D:6      | Reached skill level 12 in Stealth
  8776 | D:8      | Killed SkaryMonk's ghost
  8915 | D:10     | Entered Level 10 of the Dungeon
  9044 | D:10     | Reached **** piety under Makhleb
  9056 | D:10     | Reached XP level 12. HP: 107/112 MP: 18/18
  9107 | D:10     | Noticed a two-headed ogre
  9113 | D:10     | Killed a two-headed ogre
  9308 | D:10     | Found a staircase to the Lair.
 10052 | D:11     | Noticed a two-headed ogre
 10054 | D:11     | Noticed a centaur warrior
 10055 | D:11     | Noticed a centaur warrior
 10068 | D:11     | Killed a centaur warrior
 10072 | D:11     | Killed a two-headed ogre
 10073 | D:11     | Reached skill level 13 in Stealth
 10150 | D:11     | Noticed a tengu reaver
 10189 | D:11     | Noticed a centaur warrior
 10194 | D:11     | Noticed an ettin
 10195 | D:11     | Killed a centaur warrior
 10195 | D:11     | Noticed a sphinx
 10196 | D:11     | Reached skill level 5 in Armour
 10198 | D:11     | HP: 5/114 [ettin (14)]
 10198 | D:11     | Killed from afar by a sphinx

Illustrated notes

Levels and vault maps discovered:
D:1:      saegor_arrival_under_anarchy, layout_rooms, basic_ecumenical_altar,
          hangedman_decor_points
D:2:      layout_loops_corners
D:3:      layout_loops_ring, uniq_sigmund
D:4:      layout_rooms, lightli_temple_of_fire,
          nicolae_ossuary_entry_false_entrances, serial_shops,
          nicolae_lakefront_shop, serial_park_tiny_2
D:5:      layout_loops_ring, serial_rivers, chequers_serial_rivers_room_a,
          chequers_serial_rivers_micro_c, chequers_serial_rivers_small_3,
          chequers_serial_rivers_micro_e, chequers_serial_rivers_room_a,
          uniq_prince_ribbit1
D:6:      layout_cave_pools, minmay_temple_entry_gardened_gates,
          gammafunk_ghost_nasty_kobolds, minmay_hollow_rounded_squares,
          uniq_duvessa, uniq_menkaure
D:7:      layout_cave_pods, mainiacjoe_overflow_chevrons
D:8:      layout_rooms, gammafunk_ghost_abyssal_escape
D:9:      layout_roguey, grunt_temple_overflow_open,
          mainiacjoe_overflow_cross_hatched, erik_orc_2, serial_shops,
          kennysheep_mini
D:10:     layout_loops_corners, grunt_lair_entry_orc_guard_hut,
          grunt_decor_one_mirror
D:11:     minmay_complete_graph, layout_cave_pools

Skill      XL: |  1  2  3  4  5  6  7  8  9 10 11 12 |
---------------+-------------------------------------+-----
Stealth        | 1 2 4 5 6 8 9 11 12 13 | 13.2
Dodging        | 3 4 5 6 7 |  7.9
Fighting       | 3 4 5 6 7 8 9 |  9.2
Polearms       | 4 5 6 7 8 9 |  9.5
Invocations    | 1 3 5 6 8 |  8.8
Armour         | 2 4 5 |  5.0
Throwing       | |  1.7

Action                   |  1- 3 |  4- 6 |  7- 9 | 10-12 || total
-------------------------+-------+-------+-------+-------++-------
Melee: Trident           |   100 |       |       |       ||   100
       Glaive            |     1 |   117 |   171 |   376 ||   665
       War axe           |       |       |       |     4 ||     4
  Use: Scroll            |     6 |     1 |     9 |     7 ||    23
       Potion            |       |     1 |       |       ||     1
 Stab: Sleeping          |     2 |     4 |    16 |    12 ||    34
       Invisible         |       |     2 |       |       ||     2
       Distracted        |       |       |     1 |     4 ||     5
Armor: Leather armour    |    30 |    31 |    62 |       ||   123
       Quicksilver drago |       |       |     6 |   205 ||   211
Dodge: Dodged            |    41 |    36 |    65 |   165 ||   307
Block: Other             |       |       |    28 |    76 ||   104
       Reflection        |       |       |     1 |     2 ||     3

Table legend: (Time is in decaauts)
 A = Elapsed time spent in this place.
 B = Non-inter-level travel time spent in this place.
 C = Inter-level travel time spent in this place.
 D = Time resting spent in this place.
 E = Time spent auto-exploring this place.
 F = Levels seen in this place.
 G = Mean time per level.
                   A        B        C        D        E       F      G
               +--------+--------+--------+--------+--------+-----+--------+
         Total |  13064 |  12594 |    470 |   1289 |   8544 |  12 | 1088.7 |
       Dungeon |  12594 |  12124 |    470 |   1280 |   8513 |  11 | 1144.9 |
       Ossuary |    469 |    469 |      0 |      9 |     30 |   1 |  469.0 |
               +--------+--------+--------+--------+--------+-----+--------+

Top non-repeatable levels by time:
     D:6: 1600 daAuts
     D:9: 1584 daAuts
    D:10: 1430 daAuts
     D:5: 1355 daAuts
     D:2: 1227 daAuts
     D:7: 1218 daAuts
     D:1: 1135 daAuts
     D:3: 1058 daAuts
     D:8: 993 daAuts
     D:4: 750 daAuts
 Ossuary: 469 daAuts
    D:11: 241 daAuts
